 Dungeon Crawl Stone Soup version 0.30-a0-883-g5ad918d77d (webtiles) character file.

Game seed: 3290930916207016668

766 BigDaddyOpFi the Magician (level 7, 0/29 (36) HPs)
             Began as a Deep Elf Earth Elementalist on Mar 16, 2023.
             Was a Follower of Vehumet.
             Slain by a wight
             ... wielding a +3 mace
              (1 damage)
             ... on level 4 of the Dungeon.
             The game lasted 00:04:59 (4270 turns).

BigDaddyOpFi the Magician (DEEE)                    Turns: 4270, Time: 00:05:00

HP:   0/29 (36)     AC:  3    Str:  5    XL:     7   Next: 52%
MP:   12/19         EV: 13    Int: 22    God:    Vehumet [*.....]
Gold: 214           SH:  4    Dex: 15    Spells: 15/19 levels left

rFire   . . .      SeeInvis .    n - +0 war axe
rCold   . . .      Faith    .    (no shield)
rNeg    . . .      Spirit   .    a - +0 robe
rPois   .          Reflect  .    (no helmet)
rElec   .          Rampage  .    (no cloak)
rCorr   .                        q - +0 pair of gloves
Will    .....                    (no boots)
Stlth   ++                       i - amulet of regeneration
HPRegen 1.04/turn                (no ring)
MPRegen 0.16/turn                (no ring)

@: heavily drained, unable to drink
A: large bone plates 1, subdued magic 1, inability to drink after injury 1
a: Renounce Religion


You were on level 4 of the Dungeon.
You worshipped Vehumet.
Vehumet was aware of your devotion.
You visited 1 branch of the dungeon, and saw 4 of its levels.

You collected 214 gold pieces.

Inventory:

Hand Weapons
 n - a +0 war axe (weapon)
 o - a +5 great sword
Armour
 a - a +0 robe (worn)
 q - a +0 pair of gloves (worn)
Magical Staves
 b - a staff of death
Jewellery
 i - an amulet of regeneration (around neck)
 j - an amulet of the acrobat
 k - an amulet of reflection
Wands
 h - a wand of polymorph (12)
 r - a wand of iceblast (9)
Scrolls
 c - 3 scrolls of identify
 d - a scroll of immolation {unknown}
 g - 2 scrolls of noise {unknown}
 m - a scroll of magic mapping
Potions
 e - 3 potions of brilliance
 f - a potion of flight
 l - a potion of resistance


   Skills:
 - Level 0.3 Axes
 - Level 2.9 Dodging
 - Level 3.0 Stealth
 + Level 6.7 Spellcasting
 + Level 4.6 Conjurations
 - Level 1.8 Transmutations
 + Level 6.1 Earth Magic


You had 15 spell levels left.
You knew the following spells:

 Your Spells              Type           Power      Damage    Failure   Level
a - Sandblast             Erth           52%        2d12      1%          1
b - Stone Arrow           Conj/Erth      46%        3d9       1%          3

Your spell library contained the following spells:

 Spells                   Type           Power      Damage    Failure   Level
 Magic Dart               Conj           84%        1d7       1%          1
 Passwall                 Tmut/Erth      15%        N/A       1%          2
 Cigotuvi's Dreadful Rot  Necr/Pois/Air  10%        N/A       11%         2
 Poisonous Vapours        Pois/Air       10%        N/A       11%         2
 Mephitic Cloud           Conj/Pois/Air  10%        N/A       12%         3
 Petrify                  Tmut/Erth      19%        N/A       14%         4
 Ozocubu's Armour         Ice            5%         N/A       22%         3
 Ozocubu's Refrigeration  Ice            2%         4d8       100%        7


Dungeon Overview and Level Annotations

Branches:
Dungeon (4/15)
 Temple: D:4-7

Altars:
Hepliaklqana
Kikubaaqudgha
Vehumet
Yredelemnul

Shops:
D:1 [   D:2 *


Innate Abilities, Weirdness & Mutations

You are partially covered in large bone plates. (SH +4)
Your spells are a little easier to cast, but a little less powerful.
You occasionally lose the ability to drink potions when taking damage.


Message History

Aim: a scorpion zombie (moderately damaged, 90% to hit)
The stone arrow hits the scorpion zombie!
The scorpion zombie is almost destroyed.
The scorpion zombie completely misses you.
Casting: Stone Arrow (dangerous; 2% risk of failure)
Confirm with . or Enter, or press ? or * to list all spells.
Aiming: Stone Arrow (dangerous; 2% risk of failure)
Press: ? - help, Shift-Dir - straight line, f/p - scorpion zombie
Aim: a scorpion zombie (almost destroyed, 90% to hit)
The stone arrow hits the scorpion zombie!
You destroy the scorpion zombie!
Vehumet accepts your kill.
You open the door.
A wight comes into view. It is wielding a +3 mace.
The wight hits you with a +3 mace!
You feel drained.
There is an open door, spattered with blood here.
A wight is nearby!
The blast of sand misses the wight.
The wight hits you with a +3 mace!
You feel drained.
You are too injured to fight recklessly!
Casting: Sandblast (safe; 1% risk of failure)
Confirm with . or Enter, or press ? or * to list all spells.
Aiming: Stone Arrow (safe; 1% risk of failure)
Press: ? - help, Shift-Dir - straight line, f/p - wight
Aim: a wight, wielding a +3 mace and wearing a +0 robe (71% to hit)
The stone arrow misses the wight.
The wight hits you with a +3 mace.
You feel drained.
* * * LOW HITPOINT WARNING * * *
Casting: Stone Arrow (safe; 1% risk of failure)
Confirm with . or Enter, or press ? or * to list all spells.
Aiming: Stone Arrow (safe; 1% risk of failure)
Press: ? - help, Shift-Dir - straight line, f/p - wight
Aim: a wight, wielding a +3 mace and wearing a +0 robe (71% to hit)
The stone arrow hits the wight!
The wight is severely damaged.
The wight hits you with a +3 mace!
You feel threatened and lose the ability to drink potions!
* * * LOW HITPOINT WARNING * * *
You feel drained.
You die...

.....#### #.# ........#### #.#
.......<.... #.# ...#.##.####
#.# ...#.......#
#############.## ..[####.##.#
#.#.#†#.#.##8..) ..#####.##.#
#+#'#'#'#[#'###..# ...........#
#............'..##
.######..####.##@#'#'#'#'#'#####
.##...........##z#.#_#.#.#.#
....###..#####.#############
.#### #..# .# #..# .## #..# ..##
##.# ...## .# ....# ##


You could see a wight.

Vanquished Creatures
  A phantom (D:4)
  4 necrophages (D:4)
  A wight (D:4)
  A scorpion (D:4)
  A human zombie (D:4)
  A sleepcap (D:3)
  3 orc wizards (D:4)
  An iguana (D:4)
  A scorpion zombie (D:4)
  2 hound zombies (D:4)
  A howler monkey zombie (D:4)
  3 adders
  A worm (D:2)
  2 dart slugs
  11 orcs (D:4)
  6 endoplasms
  2 giant cockroaches
  3 goblins
  3 hobgoblins
  3 jackals (D:1)
  3 quokkas
  6 ball pythons
  8 bats
  6 frilled lizards
  7 kobolds
  5 rats
86 creatures vanquished.

Vanquished Creatures (others)
  3 plants
3 creatures vanquished.

Grand Total: 89 creatures vanquished

Notes
Turn   | Place    | Note
-------+----------+-------------------------------------------
     0 | D:1      | BigDaddyOpFi the Deep Elf Earth Elementalist began the
                  | quest for the Orb.
     0 | D:1      | Reached XP level 1. HP: 10/10 MP: 6/6
     6 | D:1      | Noticed a swamp worm
     6 | D:1      | Noticed a black mamba
     6 | D:1      | Noticed a hound
     7 | D:1      | Noticed a killer bee
     7 | D:1      | Noticed a black bear
   147 | D:1      | Reached XP level 2. HP: 15/15 MP: 6/8
   615 | D:1      | Found Elaupyas's Armour Shop.
   801 | D:2      | Reached XP level 3. HP: 19/19 MP: 7/9
   921 | D:2      | Learned a level 3 spell: Stone Arrow
  1328 | D:2      | Found Kuisog's General Store.
  1611 | D:2      | Reached XP level 4. HP: 24/24 MP: 6/11
  1758 | D:3      | Reached skill level 1 in Conjurations
  1936 | D:3      | Found a hazy altar of Hepliaklqana.
  1956 | D:3      | Found a radiant altar of Vehumet.
  1956 | D:3      | Found an ancient bone altar of Kikubaaqudgha.
  1966 | D:3      | Became a worshipper of Vehumet
  2488 | D:4      | Noticed a scorpion
  3028 | D:3      | Gained mutation: Your spells are a little easier to cast,
                  | but a little less powerful. [potion of mutation]
  3028 | D:3      | Gained mutation: You are partially covered in large bone
                  | plates. (SH +4) [potion of mutation]
  3028 | D:3      | Gained mutation: You occasionally lose the ability to drink
                  | potions when taking damage. [potion of mutation]
  3032 | D:4      | Killed a scorpion
  3033 | D:4      | Reached XP level 5. HP: 27/28 MP: 6/13
  3592 | D:4      | Noticed a phantom
  3597 | D:4      | Reached skill level 5 in Spellcasting
  3601 | D:4      | Killed a phantom
  3602 | D:4      | Reached skill level 5 in Earth Magic
  3602 | D:4      | Reached XP level 6. HP: 32/32 MP: 1/15
  4028 | D:4      | Reached * piety under Vehumet
  4028 | D:4      | Offered knowledge of Magic Dart by Vehumet.
  4029 | D:4      | Reached XP level 7. HP: 35/36 MP: 14/18
  4097 | D:4      | Found a basalt altar of Yredelemnul.
  4270 | D:4      | HP: 1/30 [wight/+3 mace (9)]
  4270 | D:4      | Slain by a wight

Illustrated notes

Levels and vault maps discovered:
D:1:      onia_arrival_zoo_common, layout_rooms, serial_shops,
          nicolae_shop_trees, hex_medium, minmay_misc_feat_cross
D:2:      layout_loops_ring, serial_shops, shop, serial_bayou_lagoon_b
D:3:      layout_loops_ring, gammafunk_temple_overflow_forgotten,
          hangedman_glass_teeth, minmay_misc_feat_four_crosses
D:4:      layout_loops_ring, lemuel_mausoleum_altar_yredelemnul,
          makhleb_blood_cavern_becter

Skill      XL: |  1  2  3  4  5  6  7 |
---------------+----------------------+-----
Stealth        | 3 |  3.0
Conjurations   | 2 3 4 |  4.6
Earth Magic    | 4 5 6 |  6.1
Spellcasting   | 4 5 6 |  6.7
Axes           | |  0.3
Dodging        | |  2.9
Transmutations | |  1.8

Action                     |  1- 3 |  4- 6 |  7- 9 || total
---------------------------+-------+-------+-------++-------
  Melee: Punch             |     1 |     1 |       ||     2
         Unarmed           |     1 |       |       ||     1
         Spear             |     1 |       |       ||     1
         Hand axe          |     4 |    12 |       ||    16
         War axe           |       |     1 |       ||     1
   Cast: Sandblast         |    57 |    53 |    23 ||   133
         Stone Arrow       |       |    12 |     6 ||    18
    Use: Potion            |     1 |     6 |       ||     7
         Scroll            |       |     4 |       ||     4
   Stab: Sleeping          |     1 |       |       ||     1
 Armour: Robe              |     6 |     4 |     6 ||    16
  Dodge: Dodged            |    29 |    30 |     8 ||    67
  Block: Other             |       |    10 |     3 ||    13

Table legend: (Time is in decaauts)
 A = Elapsed time spent in this place.
 B = Non-inter-level travel time spent in this place.
 C = Inter-level travel time spent in this place.
 D = Time resting spent in this place.
 E = Time spent auto-exploring this place.
 F = Levels seen in this place.
 G = Mean time per level.
                   A        B        C        D        E       F      G
               +--------+--------+--------+--------+--------+-----+--------+
         Total |   4352 |   4211 |    141 |    761 |   2848 |   4 | 1088.0 |
       Dungeon |   4352 |   4211 |    141 |    761 |   2848 |   4 | 1088.0 |
               +--------+--------+--------+--------+--------+-----+--------+

Top non-repeatable levels by time:
     D:4: 1317 daAuts
     D:3: 1238 daAuts
     D:2: 1012 daAuts
     D:1: 784 daAuts
